 Dungeon Crawl Stone Soup version 0.31.0-12-g77e489cdc1 (webtiles) character file.

Game seed: 13643456880478319969

2938 cdecastro the Mimic (level 9, -8/82 HPs)
             Began as a Grey Draconian Shapeshifter on Feb 28, 2024.
             Was an Elder of Okawaru.
             Mangled by a two-headed ogre
             ... wielding a +0 giant club
              (11 damage)
             ... on level 8 of the Dungeon.
             The game lasted 00:11:05 (7057 turns).

cdecastro the Mimic (Grey Draconian Shapeshifter)   Turns: 7057, Time: 00:11:06

Health: -8/82      AC: 12    Str: 17    XL:     9   Next: 51%
Magic:  9/9        EV: 12    Int: 10    God:    Okawaru [****..]
Gold:   211        SH:  0    Dex: 15    Spells: 8/8 levels left

rFire   + . .        a - +3 sling (freeze)
rCold   . . .        (no shield)
rNeg    . . .        (body armour unavailable)
rPois   .            (helmet currently unavailable)
rElec   .            (cloak currently unavailable)
rCorr   .            (gloves currently unavailable)
SInv    .            (boots currently unavailable)
Will    .....        (no amulet)
Stlth   +            m - ring of protection from fire
HPRegen 0.33/turn    t - ring of flight
MPRegen 0.11/turn

%: no passive effects
@: beast-form, flying, hasted, very quick
A: beast (slay +4), AC +12, amphibious, unfitting armour, cold-blooded
a: Begin Untransformation, Renounce Religion, Heroism, Finesse


You were on level 8 of the Dungeon.
You worshipped Okawaru.
Okawaru was greatly pleased with you.
You were a hulking beast.
You visited 2 branches of the dungeon, and saw 9 of its levels.

You collected 533 gold pieces.
You spent 322 gold pieces at shops.

Inventory:

Hand Weapons
 a - a +3 sling of freezing (weapon)
 b - a +1 whip of venom
 E - the +1 war axe "Qunuhadi" {venom, *Slow rN+ Will+ Dex+3}
   (You found it on level 7 of the Dungeon)

   Dex+3:     It affects your dexterity (+3).
   rN+:       It protects you from negative energy.
   Will+:     It increases your willpower.
   *Slow:     It may slow you when you take damage.
Armour
 n - the +2 hat "Lumin" {rElec rC+ Will+ Dex+2}
   (You found it on level 3 of the Dungeon)

   Dex+2:     It affects your dexterity (+2).
   rC+:       It protects you from cold.
   rElec:     It insulates you from electricity.
   Will+:     It increases your willpower.
 I - a +0 cloak
Jewellery
 m - a ring of protection from fire (left hand)
 t - a ring of flight (right hand)
Talismans
 c - a flux talisman
 C - a beast talisman
Wands
 s - a wand of digging (8)
 u - a wand of mindburst (11)
 w - a wand of quicksilver (9)
 y - a wand of polymorph (4)
 D - a wand of flame (18)
 F - a wand of paralysis (12)
Scrolls
 d - 3 scrolls of identify {unknown}
 f - 2 scrolls of poison {unknown}
 h - a scroll of immolation {unknown}
 j - 2 scrolls of vulnerability {unknown}
 l - 3 scrolls of enchant armour {unknown}
 p - a scroll of blinking {unknown}
 q - a scroll of brand weapon {unknown}
 r - 2 scrolls of amnesia {unknown}
 v - 3 scrolls of teleportation {unknown}
 B - a scroll of fog {unknown}
 G - a scroll of revelation {unknown}
Potions
 e - 3 potions of curing {unknown}
 g - 5 potions of lignification
 k - 2 potions of haste
 o - 4 potions of enlightenment {unknown}
 x - a potion of ambrosia
 z - 2 potions of brilliance {unknown}
 A - 3 potions of degeneration {unknown}
 H - a potion of magic {unknown}


   Skills:
 + Level 8.5 Fighting
 - Level 1.7 Dodging
 - Level 3.0 Unarmed Combat
 * Level 10.4 Shapeshifting


You had 8 spell levels left.
You didn't know any spells.
Your spell library contained the following spells:

 Spells                   Type           Power      Damage    Failure   Level
 Freeze                   Ice            0%         1d3       36%         1
 Frozen Ramparts          Ice            0%         1d1       75%         3
 Hailstorm                Conj/Ice       0%         3d5       75%         3


Dungeon Overview and Level Annotations

Branches:
Dungeon (8/15)             Temple (1/1) D:4            Lair (0/5) D:8

Altars:
Cheibriados
Dithmenos
Fedhas
Hepliaklqana
Kikubaaqudgha
Okawaru
Ru
Sif Muna
Trog
Vehumet
Wu Jian
Xom
Yredelemnul
Zin
The Shining One

Shops:
D:5 !   D:6 [   D:7 (


Innate Abilities, Weirdness & Mutations

You are a hulking beast.
Your limbs bulge with bestial killing power. (Slay +4)
Your dull iron-grey scales are very hard. (AC +12)
You are amphibious.
You cannot fit into any form of body armour.
You are cold-blooded and may be slowed by cold attacks.


Message History

You feel less wooden.
You turn into a hulking beast.
The two-headed ogre completely misses you.
The two-headed ogre hits you but does no damage.
You shoot a sling bullet.
The sling bullet barely misses the two-headed ogre.
The sling bullet misses the killer bee.
The sling bullet barely misses the killer bee.
Unknown command.
You shoot a sling bullet.
The sling bullet hits the two-headed ogre but does no damage.
The two-headed ogre is severely wounded.
The two-headed ogre hits you with a +0 giant club!
* * * LOW HITPOINT WARNING * * *
The two-headed ogre misses you.
Unknown command.
You shoot a sling bullet.
The sling bullet closely misses the two-headed ogre.
The sling bullet closely misses the killer bee.
The sling bullet hits the killer bee!
The sling bullet freezes the killer bee.
The killer bee is severely wounded.
The two-headed ogre closely misses you. The two-headed ogre barely misses you.
You shoot a sling bullet.
The sling bullet hits the two-headed ogre!
The sling bullet freezes the two-headed ogre.
The two-headed ogre is severely wounded.
The two-headed ogre hits you with a +0 giant club!
* * * LOW HITPOINT WARNING * * *
The two-headed ogre barely misses you.
You shoot a sling bullet.
The sling bullet hits the two-headed ogre.
The sling bullet freezes the two-headed ogre.
The two-headed ogre is almost dead.
The two-headed ogre hits you with a +0 giant club!!
* * * LOW HITPOINT WARNING * * *
The two-headed ogre hits you but does no damage.
You feel yourself speed up. The two-headed ogre misses you.
The two-headed ogre hits you with a +0 giant spiked club!
You die... #. #.# ##. .$. #.. .. .......... ##yy ..#.......... .Oy ...$........ ###+##.## yyy.........

.......<#
#y##.........
......###
#O##..........
.....
#h##...........
....
#.................
...
####..............
.. #....).........
. #..............
#..............
#..............
#...<..........
#..............


You could see a two-headed ogre and 4 killer bees.

Vanquished Creatures
  A hornet (D:7)
  A steam dragon (D:6)
  A water moccasin (D:6)
  3 ice beasts
  An orc warrior (D:8)
  2 black bears
  A sky beast (D:7)
  A phantom (D:6)
  4 bullfrogs
  6 scorpions
  3 wights
  2 killer bees (D:8)
  A bombardier beetle (D:3)
  2 jellies
  8 hounds
  3 orc priests
  Ijyb (D:4)
  5 iguanas
  5 orc wizards
  7 gnolls
  4 adders
  4 ufetubi
  2 dart slugs
  3 ribbon worms (D:3)
  18 orcs
  7 endoplasms
  4 giant cockroaches
  2 goblins
  7 hobgoblins
  4 jackals
  4 kobolds
  5 quokkas
  4 ball pythons
  8 bats
  3 frilled lizards
  5 rats
  A spectral kobold (D:5)
143 creatures vanquished.

Notes
Turn   | Place    | Note
-------+----------+-------------------------------------------
     0 | D:1      | cdecastro the Draconian Shapeshifter began the quest for
                  | the Orb.
     0 | D:1      | Reached XP level 1. HP: 16/16 MP: 1/1
   121 | D:1      | Reached XP level 2. HP: 19/23 MP: 2/2
   618 | D:1      | Reached XP level 3. HP: 29/29 MP: 3/3
  1402 | D:2      | Reached skill level 4 in Shapeshifting
  1530 | D:3      | Identified the +2 hat "Lumin" {rElec rC+ Will+ Dex+2}
  1577 | D:3      | Reached XP level 4. HP: 37/37 MP: 4/4
  1602 | D:3      | Found a faded altar of an unknown god.
  1617 | D:3      | Prayed at the altar of an unknown god.
  1617 | D:3      | Became a worshipper of Warmaster Okawaru
  1617 | D:3      | Reached * piety under Okawaru
  1941 | D:3      | Found a blossoming altar of Fedhas.
  1965 | D:3      | Reached XP level 5. HP: 45/45 MP: 5/5
  2229 | D:4      | Found a staircase to the Ecumenical Temple.
  2262 | D:4      | Reached skill level 5 in Shapeshifting
  2276 | Temple   | Entered the Ecumenical Temple
  2636 | D:4      | Reached XP level 6. HP: 44/52 MP: 6/6
  2674 | D:4      | Noticed Ijyb
  2743 | D:4      | Killed Ijyb
  2743 | D:4      | Reached ** piety under Okawaru
  3057 | D:5      | Entered Level 5 of the Dungeon
  3315 | D:5      | Reached skill level 6 in Shapeshifting
  3388 | D:5      | Your scales start taking on a dull iron-grey colour.
  3388 | D:5      | Reached XP level 7. HP: 55/60 MP: 7/7
  3398 | D:5      | Reached skill level 5 in Fighting
  3571 | D:5      | Reached *** piety under Okawaru
  3676 | D:5      | Found Dengadgh's Distillery.
  3684 | D:5      | Bought a potion of heal wounds for 70 gold pieces
  3684 | D:5      | Bought a potion of haste for 140 gold pieces
  3684 | D:5      | Bought a potion of ambrosia for 112 gold pieces
  3719 | D:5      | Found a hazy altar of Hepliaklqana.
  3878 | D:6      | Reached skill level 7 in Shapeshifting
  4189 | D:6      | Reached XP level 8. HP: 61/70 MP: 8/8
  4241 | D:6      | Reached skill level 8 in Shapeshifting
  4355 | D:6      | Found Sidemm's Armour Boutique.
  4361 | D:6      | Reached **** piety under Okawaru
  4814 | D:6      | Reached skill level 9 in Shapeshifting
  5317 | D:7      | Identified the +1 war axe "Qunuhadi" {venom, *Slow rN+
                  | Will+ Dex+3}
  5429 | D:7      | Reached XP level 9. HP: 79/79 MP: 9/9
  5686 | D:7      | Found Daaghuow's Hydra Hut.
  5687 | D:7      | Noticed a six-headed hydra
  6033 | D:8      | Found a bloodstained altar of Trog.
  6159 | D:8      | Found a staircase to the Lair.
  6225 | D:8      | Found a glowing golden altar of the Shining One.
  6232 | D:8      | Noticed a cyclops
  6555 | D:8      | Noticed a two-headed ogre
  6555 | D:8      | Paralysed by a hornet for 1 turns
  6566 | D:7      | Reached skill level 10 in Shapeshifting
  7056 | D:8      | HP: 3/82 [two-headed ogre/+0 giant club (22)]
  7057 | D:8      | Mangled by a two-headed ogre

Illustrated notes

Levels and vault maps discovered:
D:1:      saegor_arrival_simple_b, layout_loops_ring, minmay_misc_feat_doors
D:2:      layout_basic
D:3:      layout_basic, fedhas_altar_2, basic_ecumenical_altar, wad_orctagon
D:4:      layout_rooms, minmay_temple_entry_waves, uniq_ijyb
D:5:      layout_basic, nicolae_hepliaklqana_monster_ancestors, serial_shops,
          shop
D:6:      layout_basic, serial_shops, shop, grunt_decor_arrowhead
D:7:      layout_gridville, doesnt_shop_hydraphobe
D:8:      layout_basic, mainiacjoe_overflow_alcove_2,
          nicolae_overflow_crystal_walls, dpeg_oklobed_lair,
          lightli_corner_chamber
Temple:   minmay_temple_curvy_loop

Skill      XL: |  1  2  3  4  5  6  7  8  9 |
---------------+----------------------------+-----
Fighting       | 2 3 4 6 7 8 |  8.5
Shapeshifting  | 4 5 6 7 9 10 | 10.4
Dodging        | |  1.7
Unarmed Combat | |  3.0

Action                     |  1- 3 |  4- 6 |  7- 9 || total
---------------------------+-------+-------+-------++-------
  Melee: Unarmed           |    73 |       |       ||    73
         Tailslap          |    10 |       |     1 ||    11
         Whip              |       |       |     6 ||     6
   Fire: Sling             |    41 |   117 |   308 ||   466
 Invoke: Heroism           |       |       |     1 ||     1
  Evoke: Wand              |       |       |     3 ||     3
    Use: Potion            |       |       |     4 ||     4
 Armour: Skin              |    40 |    46 |   207 ||   293
  Dodge: Dodged            |    54 |    38 |   144 ||   236
